 Dungeon Crawl Stone Soup version 0.21.0 (webtiles) character file.

28 LakieLegion the Ruffian (level 2, -2/23 HPs)
             Began as a Draconian Transmuter on June 10, 2018.
             Was an Initiate of Sif Muna.
             Killed from afar by an orc wizard (5 damage)
             ... with a puff of flame
             ... on level 2 of the Dungeon.
             The game lasted 00:10:18 (852 turns).

LakieLegion the Ruffian (Draconian Transmuter)       Turns: 852, Time: 00:10:18

Health: -2/23      AC:  4    Str: 12    XL:     2   Next: 96%
Magic:  5/5        EV:  9    Int: 13    God:    Sif Muna [......]
Gold:   62         SH:  0    Dex: 11    Spells: 4/5 levels left

rFire    . . .     SeeInvis .   i - +4 mace
rCold    . . .     Gourm    .   g - +0 shield
rNeg     . . .     Faith    .   (armour unavailable)
rPois    .         Spirit   .   (helmet restricted)
rElec    .         Reflect  .   (no cloak)
rCorr    .         Harm     .   (no gloves)
MR       .....                  (no boots)
Stlth    +.........             (no amulet)
HPRegen  0.07/turn              (no ring)
MPRegen  0.09/turn              (no ring)

@: confused
A: unfitting armour, cold-blooded, AC +4
a: Renounce Religion


You were on level 2 of the Dungeon.
You worshipped Sif Muna.
Sif Muna was noncommittal.
You were not hungry.

You visited 1 branch of the dungeon, and saw 2 of its levels.

You collected 62 gold pieces.

Inventory:

Hand Weapons
 e - a +0 club
 i - a +4 mace (weapon)
Missiles
 a - 12 arrows
Armour
 d - a +0 robe
 f - a +0 ring mail
 g - a +0 shield (worn)
Potions
 h - a potion of curing
 j - a potion of heal wounds {unknown}
 k - a potion of ambrosia
Books
 b - a book of Changes

   Spells                             Type                      Level
   a - Beastly Appendage              Transmutation                1
   b - Sticks to Snakes               Transmutation                2
   c - Spider Form                    Transmutation/Poison         3
   d - Ice Form                       Ice/Transmutation            4
   e - Blade Hands                    Transmutation                5
Comestibles
 c - 3 rations


   Skills:
 + Level 1.1 Fighting
 + Level 0.1 Maces & Flails
 + Level 2.0 Dodging
 + Level 0.4 Shields
 + Level 3.6 Unarmed Combat
 + Level 2.1 Spellcasting
 + Level 2.2 Transmutations


You had 4 spell levels left.
You knew the following spells:

 Your Spells              Type           Power        Failure   Level  Hunger
a - Beastly Appendage     Tmut           #.....       56%         1    ##.....


Dungeon Overview and Level Annotations

Branches:
Dungeon (2/15)

Altars:
Sif Muna


Innate Abilities, Weirdness & Mutations

Your plain brown scales are hard. (AC +4)
You cannot fit into any form of body armour.
You are cold-blooded and may be slowed by cold attacks.


Message History

The orc wizard casts a spell.
The orc wizard flickers and vanishes!
Deactivating autopickup; reactivate with Ctrl-A.
You see here a club.
The orc hits you with a club.
You hear some strange, mumbled words.
A puff of flame appears from out of thin air!
The puff of flame hits you!
* * * LOW HITPOINT WARNING * * *
The orc wizard hits you but does no damage.
You barely miss the orc. Something hits you but does no damage.
The orc hits you with a club.
* * * LOW HITPOINT WARNING * * *
The dart slug bites you.
* * * LOW HITPOINT WARNING * * *
The orc wizard barely misses you.
You hear some strange, mumbled words.
A puff of flame appears from out of thin air!
The puff of flame hits you!
You die...

#.#.####*#########
#......##.........
#.#.#(....#######.
#.#...........#.#.
*****######.#.(.....###.#.<.
*,,,,.....................).
*,,,,.......#(###...###.#...
*,,*#######w)(......###.#..#
*,,*#.....o@{.#.........##.#
**,,*#.###...o...........'..#
*,,,,,,**#...[##.####....##.+
***,*****#..........<.....##.#
*,,,,,,,...##.#[#.###.....##.#
*,*,***###.*#.#(#,,..........#
*,*,*****#**#.#.#*###.#####...
*,,,,,,,,,,,..#.#***#.****#.##
***>,,,,,,,,,,,,,,,,..,,,,....


You could see an orc wizard, a dart slug and an orc.

Vanquished Creatures
  An ooze (D:1)
  A dart slug (D:1)
  An orc (D:2)
  A giant cockroach (D:1)
  2 hobgoblins (D:1)
  A bat (D:1)
  2 frilled lizards
  8 kobolds
  5 rats
22 creatures vanquished.

Notes
Turn   | Place    | Note
-------+----------+-------------------------------------------
     0 | D:1      | LakieLegion the Draconian Transmuter began the quest for the Orb.
     0 | D:1      | Reached XP level 1. HP: 16/16 MP: 3/3
   160 | D:1      | Reached XP level 2. HP: 14/23 MP: 3/5
   749 | D:2      | Found a deep blue altar of Sif Muna.
   754 | D:2      | Became a worshipper of Sif Muna the Loreminder
   852 | D:2      | Killed from afar by an orc wizard

Skill      XL: |  1  2 |
---------------+-------+-----
Dodging        | 2 |  2.0
Fighting       | |  1.1
Maces & Flails | |  0.1
Shields        | |  0.4
Unarmed Combat | |  3.6
Spellcasting   | |  2.1
Transmutations | |  2.2

Action                   || total
-------------------------++-------
Melee: Unarmed           ||    11
       Club              ||    59
       Tailslap          ||     8
       Punch             ||     2
       Kick              ||     1
       Mace              ||     5
 Cast: Beastly Appendage ||     3
  Use: Scroll            ||     4
       Potion            ||     5
Armor: Skin              ||    24
Dodge: Dodged            ||    41
Block: Shield            ||    34
